 Dungeon Crawl Stone Soup version 0.22.0-75-g3901e79 (console) character file.

29 erker the Insei (level 3, -1/23 HPs)
             Began as an Octopode Transmuter on Sept 14, 2018.
             Slain by a quokka (3 damage)
             ... on level 2 of the Dungeon.
             The game lasted 00:02:47 (1118 turns).

erker the Insei (Octopode Transmuter)               Turns: 1118, Time: 00:02:48

Health: -1/23      AC:  1    Str:  9    XL:     3   Next: 16%
Magic:  3/6        EV: 12    Int: 16    God:
Gold:   81         SH:  0    Dex: 12    Spells: 4/7 levels left

rFire    . . .     SeeInvis .     - Unarmed
rCold    . . .     Gourm    .   (no shield)
rNeg     . . .     Faith    .   (helmet restricted)
rPois    .         Spirit   .   (no amulet)
rElec    .         Reflect  .   (no ring)
rCorr    .         Harm     .   (no ring)
MR       .....                  (no ring)
Stlth    ++........             (no ring)
HPRegen  0.07/turn              (no ring)
MPRegen  0.10/turn              (no ring)
                                (no ring)
                                (no ring)

@: very slightly contaminated, heavily drained
A: almost no armour, stealthy swim, amphibious, 8 rings, constrict 8, camouflage
1, gelatinous body 1
a: no special abilities


You were on level 2 of the Dungeon.
You were not hungry.

You visited 1 branch of the dungeon, and saw 2 of its levels.

You collected 81 gold pieces.

Inventory:

Missiles
 a - 11 arrows
 d - 24 poisoned needles
 h - 10 bolts
Scrolls
 b - 4 scrolls of identify {unknown}
 e - a scroll of remove curse {unknown}
 f - 2 scrolls of teleportation {unknown}
Potions
 i - a potion of curing {unknown}
 j - a potion of agility {unknown}
Comestibles
 c - 3 rations
 g - 2 chunks of flesh


   Skills:
 - Level 1.0(0.0) Fighting
 - Level 2.0(0.4) Dodging
 - Level 3.0(1.4) Unarmed Combat
 + Level 2.6(1.0) Spellcasting
 * Level 3.0(1.4) Transmutations


You had 4 spell levels left.
You knew the following spells:

 Your Spells              Type           Power        Failure   Level  Hunger
a - Beastly Appendage     Tmut           #.....       13%         1    ##.....
t - Sticks to Snakes      Tmut           #.......     19%         2    ###....

Your spell library contained the following spells:

 Spells                   Type           Power        Failure   Level  Hunger
 Spider Form              Tmut/Pois      #.........   45%         3    ####...
 Ice Form                 Ice/Tmut       #.......     86%         4    #####..
 Blade Hands              Tmut           #.........   98%         5    ######.


Dungeon Overview and Level Annotations

Branches:
Dungeon (2/15)

Altars:


Innate Abilities, Weirdness & Mutations

You cannot wear most types of armour.
You are very stealthy in the water. (Stealth+)
You are amphibious.
You can wear up to eight rings at the same time.
You can use your tentacles to constrict eight enemies at once.
Your skin changes colour to match your surroundings (Stealth+).
Your rubbery body absorbs attacks. (AC +1, EV +1)


Message History

You swap places.
Your ball python misses the goblin.
Your ball python barely misses the goblin.
The goblin barely misses your ball python.
Your tentacle spike disappears.
Your ball python bites the goblin.
Your ball python grabs the goblin.
Your ball python constricts the goblin.
The goblin hits your ball python with a dagger.
Your ball python dies!
A quokka comes into view.
The quokka moves out of view.
You see here a dagger.
You see here a runed mace.
The quokka completely misses you.
You barely miss the quokka. Your grab misses the quokka.
The quokka barely misses you.
Saving game... please wait.
Welcome back, erker the Octopode Transmuter.
Press ? for a list of commands and other information.
The quokka bites you.
You die...

#..###...... ..# #..#
#...#.. #.# ....#
#..#_#. #.##.###.#
#...#.. #.##.# #.#
#>..... .. .....# #.#
#.#.#.# #?# ####
#.##.# #.###.#...# l.
... #.##.#
#.........# "h
#.##@##.# #####.#####
#. #..#r##.####
#.###.. #.###
#..hg......####......
####..l####
##)#..<..............
......hhg.#
#g####.##.##########
####.#g##.# #.#
#.##.# #.#.##.####g#
#.##.# #...........#
#.##.# ###.##.....>#
#.##.#


You could see a quokka, a jackal, a hobgoblin and a goblin.

Vanquished Creatures
  A leopard gecko (D:1)
  3 giant cockroaches (D:1)
  8 goblins
  2 hobgoblins (D:1)
  A jackal (D:2)
  2 kobolds (D:1)
  3 bats (D:1)
  4 rats (D:1)
24 creatures vanquished.

Notes
Turn   | Place    | Note
-------+----------+-------------------------------------------
     0 | D:1      | erker the Octopode Transmuter began the quest for the Orb.
     0 | D:1      | Reached XP level 1. HP: 13/13 MP: 3/3
   183 | D:1      | Reached XP level 2. HP: 15/18 MP: 5/5
   187 | D:1      | Learned a level 2 spell: Sticks to Snakes
   718 | D:1      | Reached XP level 3. HP: 23/23 MP: 4/6
  1010 | D:2      | Found a faded altar of an unknown god.
  1102 | D:2      | HP: 1/23 [goblin/dagger (4)]
  1118 | D:2      | Slain by a quokka

Skill      XL: |  1  2  3 |
---------------+----------+-----
Transmutations | 3 |  3.0
Fighting       | |  1.0
Dodging        | |  2.0
Unarmed Combat | |  3.0
Spellcasting   | |  2.6

Action                   || total
-------------------------++-------
Melee: Unarmed           ||    48
       Constrict         ||    14
       Tentacles         ||     4
       Punch             ||     2
       Kick              ||     2
 Cast: Beastly Appendage ||     9
       Sticks to Snakes  ||     1
 Stab: Sleeping          ||     5
  Eat: Chunk             ||     1
Armor: Skin              ||     7
Dodge: Dodged            ||    32
